 Dungeon Crawl Stone Soup version 0.30-a0-722-g3e6e8c874d (webtiles) character file.

Game seed: 15274908001063766816

52 Monkooky the Conjurer (level 3, 0/32 HPs)
             Began as a Naga Reaver on Jan 27, 2023.
             Slain by an orc
             ... wielding a +0 dagger
              (2 damage)
             ... on level 2 of the Dungeon.
             The game lasted 00:03:05 (945 turns).

Monkooky the Conjurer (Naga Reaver)                  Turns: 945, Time: 00:03:05

Health: 0/32       AC:  2    Str: 16    XL:     3   Next: 85%
Magic:  1/6        EV:  9    Int: 13    God:
Gold:   71         SH:  0    Dex:  9    Spells: 0/6 levels left

rFire   . . .      SeeInvis +    a - +0 mace
rCold   . . .      Faith    .    (no shield)
rNeg    . . .      Spirit   .    b - +0 leather armour
rPois   +          Reflect  .    (no helmet)
rElec   .          Harm     .    (no cloak)
rCorr   .          Rampage  .    (no gloves)
Will    .....                    (no barding)
Stlth   +                        (no amulet)
HPRegen 0.25/turn                (no ring)
MPRegen 0.10/turn                (no ring)

@: short of breath, very slightly contaminated, very slow
A: AC +1, large, see invisible, deformed body, poison resistance, slowness 2,
spit poison 1, naga tail 1
a: Spit Poison


You were on level 2 of the Dungeon.
You visited 1 branch of the dungeon, and saw 2 of its levels.

You collected 71 gold pieces.

Inventory:

Hand Weapons
 a - a +0 mace (weapon)
Missiles
 h - 2 poisoned darts
Armour
 b - a +0 leather armour (worn)
Scrolls
 c - 4 scrolls of identify {unknown}
 d - a scroll of teleportation {unknown}
 f - 3 scrolls of immolation {unknown}
 g - a scroll of amnesia {unknown}
Potions
 e - 2 potions of curing {unknown}
 i - a potion of cancellation {unknown}
 j - a potion of magic {unknown}
 k - a potion of heal wounds {unknown}


   Skills:
 - Level 2.3 Fighting
 - Level 3.1 Maces & Flails
 - Level 1.8 Dodging
 - Level 2.2 Spellcasting
 - Level 3.1 Conjurations
 - Level 1.5 Translocations
 + Level 1.3 Ice Magic


You couldn't memorise any spells.
You knew the following spells:

 Your Spells              Type           Power      Damage    Failure   Level
a - Kiss of Death         Conj/Necr      20%        2d7       16%         1
b - Momentum Strike       Conj/Tloc      14%        3d8       19%         2
c - Hailstorm             Conj/Ice       7%         3d4       36%         3

Your spell library contained the following spells:

 Spells                   Type           Power      Damage    Failure   Level


Dungeon Overview and Level Annotations

Branches:
Dungeon (2/15)

Altars:


Innate Abilities, Weirdness & Mutations

Your serpentine skin is tough. (AC +1)
You have supernaturally acute eyesight. (SInv)
Armour fits poorly on your strangely shaped body.
Your system is resistant to poisons. (rPois)
You cover ground very slowly.
You can spit poison.
You have a snake-like lower body.


Message History

The rat barely misses you.
Unknown command.
Aiming: Spit Poison (2% risk of failure)
Press: ? - help, Q - select action, (/) - cycle Shift-Dir - straight line, f - rat
Aim: a rat (59% to hit)
Okay, then.
The rat attacks as you move away! The rat barely misses you. x2
The rat attacks as you move away! The rat bites you.
* * * LOW HITPOINT WARNING * * *
The rat closely misses you.
Aiming: Spit Poison (2% risk of failure)
Press: ? - help, Q - select action, (/) - cycle Shift-Dir - straight line, f - rat
Aim: a rat (59% to hit)
The splash of poison misses the rat.
The splash of poison misses the orc.
The splash of poison hits the orc!
The orc is poisoned.
You kill the orc!
The rat bites you but does no damage. The rat attacks as you move away!
The rat bites you.
* * * LOW HITPOINT WARNING * * *
The rat bites you.
* * * LOW HITPOINT WARNING * * *
The rat attacks as you move away! The rat bites you.
* * * LOW HITPOINT WARNING * * *
You have got your breath back.
The rat barely misses you.
Aiming: Spit Poison (2% risk of failure)
Press: ? - help, Q - select action, (/) - cycle Shift-Dir - straight line, f/p - rat
Aim: a rat (59% to hit)
The splash of poison hits the rat!
The rat is poisoned.
You kill the rat!
Casting: Hailstorm (quite dangerous; 36% risk of failure)
Confirm with . or Enter, or press ? or * to list all spells.
Aiming: Kiss of Death (safe; 16% risk of failure)
Press: ? - help, Shift-Dir - straight line, f - orc
Aim: an orc, wielding a +0 dagger (severely wounded, 100% to hit)
You miscast Kiss of Death.
You are very lightly contaminated with residual magic.
Nothing appears to happen.
The orc hits you with a +0 dagger.
You die...

#.# #.#####
#.....#
##########.....#
#o...o)o.).....#
#o########...).#
#.# #.....# #o#
####### #@# #.#
#.# #.# ## #.#
#. #.# #.
#.#############
#.
#.............#
#.
#############.#
#.


You could see 3 orcs.

Vanquished Creatures
  2 orcs (D:2)
  6 ball pythons
  7 endoplasms
  2 giant cockroaches
  6 goblins (D:1)
  7 hobgoblins
  3 kobolds
  2 bats
  7 frilled lizards (D:1)
  A rat (D:2)
43 creatures vanquished.

Notes
Turn   | Place    | Note
-------+----------+-------------------------------------------
     0 | D:1      | Monkooky the Naga Reaver began the quest for the Orb.
     0 | D:1      | Reached XP level 1. HP: 19/19 MP: 3/3
    37 | D:1      | Reached XP level 2. HP: 13/26 MP: 5/5
   199 | D:1      | Learned a level 2 spell: Momentum Strike
   376 | D:1      | Reached XP level 3. HP: 32/32 MP: 3/6
   380 | D:1      | Learned a level 3 spell: Hailstorm
   415 | D:1      | Reached skill level 1 in Translocations
   899 | D:2      | Found a faded altar of an unknown god.
   904 | D:2      | Reached skill level 1 in Ice Magic
   945 | D:2      | Slain by an orc

Illustrated notes

Levels and vault maps discovered:
D:1:      minmay_arrival_semitransparent, layout_basic, minivault_19
D:2:      layout_basic, ebering_ecumenical_altar_mist

Skill      XL: |  1  2  3 |
---------------+----------+-----
Translocations | 1 |  1.5
Ice Magic      | 1 |  1.3
Fighting       | |  2.3
Maces & Flails | |  3.1
Dodging        | |  1.8
Spellcasting   | |  2.2
Conjurations   | |  3.1

Action                     || total
---------------------------++-------
  Melee: Mace              ||    51
   Cast: Momentum Strike   ||     3
         Hailstorm         ||     2
Ability: Spit Poison       ||    27
 Armour: Leather armour    ||    15
  Dodge: Dodged            ||    40

Table legend: (Time is in decaauts)
 A = Elapsed time spent in this place.
 B = Non-inter-level travel time spent in this place.
 C = Inter-level travel time spent in this place.
 D = Time resting spent in this place.
 E = Time spent auto-exploring this place.
 F = Levels seen in this place.
 G = Mean time per level.
                   A        B        C        D        E       F      G
               +--------+--------+--------+--------+--------+-----+--------+
         Total |   1163 |   1145 |     18 |     69 |    839 |   2 |  581.5 |
       Dungeon |   1163 |   1145 |     18 |     69 |    839 |   2 |  581.5 |
               +--------+--------+--------+--------+--------+-----+--------+

Top non-repeatable levels by time:
     D:1: 875 daAuts
     D:2: 287 daAuts
